AoeStats
← ivcrk826

Black Forest

509098811Analyzed
3v3 RM · 6d ago on Sep 25, 2026· 76m 14s· 6 players
Game mode
Random Map
Map size
Normal (6 player)
Population
200
Speed
Normal
Resources
Standard
Victory
Conquest
Starting age
Dark Age
Ending age
Imperial Age
RankedLock teamsTeams togetherTeam positionsShared explorationLock speedFull tech treeHidden civsTurbo modeCheats
Victory
Defeat
🇹🇼 Mongols · Taiwan
1395
+16
🇹🇼 Vietnamese · Taiwan
1376
+17
🇹🇼 Persians · Taiwan
1373
+17
🇦🇷 Byzantines · Argentina
1467
-20
🇫🇷 Varangians · France
1398
-17
🇬🇧 Lithuanians · United Kingdom
1309
-13
David
0:51 Loom
13:41 Feudal Age
15:19 Horse Collar
17:43 Castle Age
16:14 Double-Bit Axe
18:51 Bow Saw
18:44 Heavy Plow
21:41 Scale Mail Armor
24:44 Squires
27:33 Wheelbarrow
31:22 Hand Cart
30:53 Town Watch
31:59 Arson
32:33 Chain Mail Armor
32:28 Forging
32:09 Fletching
32:19 Padded Archer Armor
34:51 Imperial Age
32:28 Gold Mining
34:49 Iron Casting
34:38 Fortified Wall
34:53 Ballistics
34:31 Crossbowman
35:42 Bodkin Arrow
36:03 Arbalester
36:48 Thumb Ring
37:33 Bracer
37:56 Masonry
41:33 Stone Mining
43:09 Chemistry
42:43 Crop Rotation
42:27 Elite Skirmisher
44:40 Leather Archer Armor
44:33 Imperial Skirmisher
46:53 Ring Archer Armor
49:00 Paper Money
48:10 Pikeman
50:03 Two-Man Saw
51:21 Caravan
52:56 Town Patrol
52:43 Capped Ram
54:42 Halberdier
55:45 Scale Barding Armor
56:11 Plate Mail Armor
57:11 Chain Barding Armor
56:55 Murder Holes
56:40 Treadmill Crane
57:11 Fortified Wall
57:06 Siege Engineers
57:13 Light Cavalry
58:03 Bloodlines
58:25 Elite Battle Elephant
59:06 Husbandry
60:29 Plate Barding Armor
60:13 Chatras
60:51 Hoardings
67:57 Guilds
70:47 Bombard Tower
76:06 Stone Shaft Mining
Ray
3:11 Loom
11:53 Feudal Age
15:35 Castle Age
13:39 Double-Bit Axe
13:37 Horse Collar
16:21 Heavy Plow
24:01 Bloodlines
24:42 Scale Barding Armor
30:52 Imperial Age
28:09 Town Watch
29:00 Forging
29:03 Stone Mining
29:07 Gold Mining
29:39 Bow Saw
31:22 Stone Shaft Mining
31:26 Gold Shaft Mining
31:25 Chain Barding Armor
31:40 Iron Casting
32:40 Two-Man Saw
32:32 Bloodlines
32:23 Husbandry
33:02 Plate Barding Armor
33:55 Blast Furnace
33:23 Scale Mail Armor
33:25 Fletching
34:20 Masonry
35:11 Chain Mail Armor
34:52 Bodkin Arrow
36:13 Conscription
37:55 Wheelbarrow
38:54 Hoardings
38:33 Citadels
39:26 Chemistry
39:26 Plate Mail Armor
39:29 Coinage
40:37 Ballistics
40:48 Architecture
40:28 Padded Archer Armor
40:30 Devotion
40:26 Herbal Medicine
40:48 Hand Cart
42:49 Elite War Elephant
44:06 Banking
44:26 Pikeman
45:07 Squires
45:28 Town Patrol
45:04 Elite Skirmisher
45:04 Crossbowman
45:50 Thumb Ring
47:17 Kamandaran
46:48 Halberdier
46:55 Light Cavalry
48:31 Capped Ram
48:35 Hussar
48:39 Imperial Skirmisher
49:41 Siege Ram
54:54 Caravan
57:10 Murder Holes
chick
0:54 Loom
11:35 Feudal Age
15:31 Castle Age
14:01 Horse Collar
14:07 Double-Bit Axe
17:48 Bow Saw
18:57 Town Watch
24:44 Wheelbarrow
25:19 Gold Mining
25:20 Stone Mining
26:01 Hand Cart
30:21 Imperial Age
28:02 Heavy Plow
28:39 Stone Shaft Mining
28:00 Fletching
29:02 Ballistics
28:57 Fortified Wall
29:08 Ballistics
29:02 Fortified Wall
29:41 Bodkin Arrow
30:03 Bloodlines
29:54 Husbandry
30:00 Thumb Ring
31:55 Conscription
30:57 Onager
31:58 Elite Mangudai
33:04 Town Patrol
33:57 Bracer
36:07 Drill
35:48 Nomads
36:00 Padded Archer Armor
36:08 Scale Barding Armor
36:03 Scale Mail Armor
36:13 Forging
36:50 Siege Engineers
37:46 Chemistry
37:58 Coinage
37:55 Leather Archer Armor
38:04 Chain Barding Armor
37:54 Forging
37:44 Scale Mail Armor
39:25 Banking
39:16 Elite Skirmisher
40:12 Siege Onager
42:06 Hoardings
41:44 Masonry
42:59 Light Cavalry
46:40 Iron Casting
47:37 Hussar
49:50 Caravan
52:11 Capped Ram
53:56 Siege Ram
64:18 Parthian Tactics
64:12 Chain Mail Armor
72:11 Elite Steppe Lancer
ComptixG
10:16 Feudal Age
9:44 Loom
14:12 Castle Age
13:56 Horse Collar
15:11 Double-Bit Axe
18:19 Town Watch
20:18 Bow Saw
21:50 Stone Mining
22:54 Wheelbarrow
22:39 Gold Mining
23:06 Heavy Plow
24:57 Stone Shaft Mining
30:30 Imperial Age
28:10 Scale Mail Armor
28:41 Squires
29:13 Forging
29:19 Chain Mail Armor
29:04 Gambesons
29:55 Hand Cart
31:29 Iron Casting
31:03 Arson
30:56 Elite Varangian Guard
33:12 Plate Mail Armor
33:42 Blast Furnace
34:39 Gothikon
35:58 Caravan
36:36 Fletching
38:56 Coinage
39:14 Scale Barding Armor
38:48 Elite Jarl
41:58 Banking
41:36 Bodkin Arrow
42:30 Bracer
43:33 Chemistry
43:35 Chain Barding Armor
44:43 Siege Engineers
53:13 Crop Rotation
53:50 Two-Man Saw
54:01 Masonry
56:25 Architecture
62:14 Conscription
63:37 Ballistics
68:13 Town Patrol
74:32 Capped Ram
Luca
0:41 Loom
13:28 Feudal Age
14:22 Town Watch
17:27 Castle Age
15:35 Double-Bit Axe
18:22 Fletching
29:38 Wheelbarrow
29:35 Bow Saw
29:18 Horse Collar
30:41 Scale Mail Armor
30:39 Pikeman
33:11 Hand Cart
33:25 Chain Mail Armor
36:36 Imperial Age
36:01 Forging
37:50 Iron Casting
37:49 Squires
37:35 Arson
39:07 Chemistry
39:52 Bodkin Arrow
39:57 Padded Archer Armor
40:42 Bracer
41:10 Tower Shields
41:30 Conscription
40:45 Elite Skirmisher
41:43 Leather Archer Armor
42:11 Thumb Ring
42:50 Ballistics
43:23 Halberdier
46:43 Ring Archer Armor
48:57 Heavy Plow
51:29 Scale Barding Armor
53:56 Husbandry
54:06 Bloodlines
53:17 Cavalier
55:56 Caravan
60:12 Bombard Tower
59:48 Murder Holes
60:03 Masonry
59:37 Treadmill Crane
67:00 Paladin
72:03 Light Cavalry
76:14 Two-Man Saw
75:35 Winged Hussar
ivcrk826
0:26 Loom
12:06 Feudal Age
16:30 Castle Age
14:26 Double-Bit Axe
15:21 Horse Collar
17:26 Bow Saw
23:15 Wheelbarrow
28:30 Imperial Age
26:18 Fletching
27:14 Bodkin Arrow
27:57 Padded Archer Armor
28:20 Ballistics
28:16 Crossbowman
29:33 Thumb Ring
30:29 Bracer
31:09 Conscription
31:48 Hand Cart
30:59 Arbalester
33:53 Chemistry
32:55 Scale Mail Armor
33:44 Light Cavalry
34:34 Husbandry
34:52 Hussar
35:41 Scale Barding Armor
35:35 Treadmill Crane
37:34 Chain Barding Armor
37:25 Forging
37:38 Elite Skirmisher
40:14 Plate Barding Armor
40:15 Iron Casting
40:10 Capped Ram
41:37 Leather Archer Armor
44:55 Ring Archer Armor
44:43 Chain Mail Armor
46:57 Gold Mining
46:58 Stone Mining
46:41 Cavalier
50:00 Paladin
53:14 Plate Mail Armor
52:24 Pikeman
53:07 Squires
57:13 Halberdier
59:20 Gold Shaft Mining
58:51 Siege Ram
60:01 Heavy Camel Rider
65:09 Caravan
Connection lost

Rejoining the realm…

Still unreachable

The connection could not be restored.

Session expired

The server has moved on; the page needs a fresh start.